 Dungeon Crawl Stone Soup version 0.21-a0-88-g13b9641 (webtiles) character file.

644 HAL9000 the Fighter (level 7, -4/87 HPs)
             Began as an Ogre Hunter on June 26, 2017.
             Killed by nerve-wracking pain
             ... invoked by murphy's ghost
              (10 damage)
             ... on level 4 of the Dungeon.
             The game lasted 00:09:35 (6020 turns).

HAL9000 the Fighter (Ogre Hunter)                   Turns: 6020, Time: 00:09:35

Health: -4/87      AC:  3    Str: 24    XL:     7   Next: 52%
Magic:  7/7        EV:  9    Int: 17    God:
Gold:   167        SH:  0    Dex:  9    Spells: 6/6 levels left

rFire    x . .     SeeInvis .   x - +0 flail
rCold    + . .     Gourm    .   (no shield)
rNeg     . . .     Faith    .   u - +0 robe (curse)
rPois    .         Spirit   .   (helmet restricted)
rElec    .         Reflect  .   (no cloak)
rCorr    .         Harm     .   (gloves unavailable)
MR       .....                  (boots unavailable)
Stlth    +.........             y - amulet of inaccuracy (curse)
HPRegen  0.24/turn              s - ring of wizardry
MPRegen  0.10/turn              G - ring of ice

@: mighty, brilliant, hasted, very heavily drained, very quick
A: unfitting armour, tough skin 1
a: no special abilities


You were on level 4 of the Dungeon.
You were very hungry.

You visited 1 branch of the dungeon, and saw 4 of its levels.

You collected 167 gold pieces.

Inventory:

Hand Weapons
 x - a +0 flail (weapon)
Missiles
 c - 3 large rocks (quivered)
 d - 2 throwing nets
Armour
 b - a +0 robe
 h - a +1 shield
 t - a +2 robe of magic resistance
 u - a cursed +0 robe (worn)
Jewellery
 g - an uncursed amulet of rage
 s - a ring of wizardry (left hand)
 y - a cursed amulet of inaccuracy (around neck)
 G - a ring of ice (right hand)
Wands
 J - a wand of enslavement (5/24)
Scrolls
 I - 3 scrolls of teleportation
 K - 2 scrolls of identify
Potions
 l - 4 potions of haste
 n - 2 potions of curing
 z - a potion of brilliance
Comestibles
 f - 3 bread rations
 E - 2 meat rations
 F - 2 royal jellies


   Skills:
 + Level 10.6(5.3) Fighting
 - Level 4.0(0.0) Throwing
 - Level 1.7(0.0) Dodging
 - Level 0.6(0.0) Stealth


You had 6 spell levels left.
You didn't know any spells.

Dungeon Overview and Level Annotations

Branches:
Dungeon (4/15)
 Temple: D:4-7

Altars:
Dithmenos
Qazlal
Ru
Uskayaw
Wu Jian

Annotations:
D:4 murphy's ghost, amateur DsNe


Innate Abilities, Weirdness & Mutations

You are too large for most types of armour.
You have tough skin. (AC +1)


Message History

Murphy's ghost is moderately damaged.
Murphy's ghost hits you.
* * * LOW HITPOINT WARNING * * *
You feel drained.
You miss murphy's ghost.
Murphy's ghost is moderately damaged.
Murphy's ghost hits you.
* * * LOW HITPOINT WARNING * * *
You feel drained.
* * * LOW HITPOINT WARNING * * *
You bludgeon murphy's ghost!!
Murphy's ghost is severely damaged.
Murphy's ghost gestures at you while chanting.
Pain shoots through your body!
* * * LOW HITPOINT WARNING * * *
You barely miss murphy's ghost.
Murphy's ghost is severely damaged.
Murphy's ghost gestures at you while chanting.
Pain shoots through your body!
You die...

.........#
........#
#......
..###.##...#
#######.#
#.##.##
....#.# ...
#.# #.##.##
......# #
#########.#
#.##.##
..#.###
#.......W.#
#.##...
#.#...
#..########
#.#####
#.#####
##'##
######.# #.#
#.W)#
#......# #)#
#.@.#
#.######
#.######
#._.# #.#
#......#
###### #.#
######.#####
#....# #.#
#.........#
##...# #.#
#.#######.#
##.## #<#
### #.# #.#
#.# #.#
#####.. ##.#
#.#### #.#
#.# ##(§§..≈
...#
#####....#
#.# #.#
#.#.^(.≈


You could see murphy's ghost.

Vanquished Creatures
  Grinder (D:3)
  Sigmund (D:2)
  A centaur skeleton (D:4)
  2 worker ants (D:4)
  Terence (D:2)
  5 adders
  3 gnolls (D:4)
  A shadow imp (D:4)
  2 oozes
  2 worms (D:3)
  2 dart slugs
  5 leopard geckos
  7 orcs
  5 giant cockroaches
  7 goblins
  7 hobgoblins
  7 jackals
  6 quokkas
  A ball python (D:2)
  10 bats
  8 frilled lizards
  9 kobolds
  4 rats
97 creatures vanquished.

Notes
Turn   | Place    | Note
-------+----------+-------------------------------------------
     0 | D:1      | HAL9000 the Ogre Hunter began the quest for the Orb.
     0 | D:1      | Reached XP level 1. HP: 22/22 MP: 1/1
    55 | D:1      | You fall through a shaft!
   317 | D:1      | Reached skill level 3 in Fighting
   523 | D:1      | Reached XP level 2. HP: 31/31 MP: 2/2
   609 | D:1      | Reached skill level 4 in Fighting
  1070 | D:1      | Reached XP level 3. HP: 40/40 MP: 3/3
  1260 | D:2      | Found a sacrificial altar of Ru.
  1263 | D:2      | Found an ornate altar of the Wu Jian Council.
  1293 | D:2      | Reached skill level 5 in Fighting
  1490 | D:2      | Reached XP level 4. HP: 41/50 MP: 4/4
  1826 | D:2      | Noticed Sigmund
  1827 | D:2      | Killed Sigmund
  1827 | D:2      | Reached skill level 8 in Fighting
  1827 | D:2      | Reached XP level 5. HP: 63/63 MP: 5/5
  1827 | D:2      | Reached XP level 6. HP: 72/72 MP: 6/6
  2002 | D:2      | Noticed Terence
  2009 | D:2      | Killed Terence
  2925 | D:3      | Noticed Grinder
  2934 | D:3      | Paralysed by Grinder for 3 turns
  3620 | D:3      | Killed Grinder
  3620 | D:3      | Reached skill level 9 in Fighting
  3620 | D:3      | Reached XP level 7. HP: 84/84 MP: 7/7
  3632 | D:3      | Found a hide-covered altar of Uskayaw.
  4308 | D:4      | Found a stormy altar of Qazlal.
  4494 | D:4      | Reached skill level 10 in Fighting
  4868 | D:4      | Noticed murphy's ghost (amateur DsNe)
  5992 | D:4      | Found a shadowy altar of Dithmenos.
  6020 | D:4      | Killed from afar by murphy's ghost

Vault maps used:
D:1:      lightli_arrival_lavapool, serial_park_tiny_1, minmay_ruptured
D:2:      minitemple, first_bread, minmay_pentomino_t2, uniq_sigmund,
          uniq_terence
D:3:      nicolae_overflow_crystal_walls, uniq_grinder
D:4:      grunt_qazlal_sundering, tgw_trog, grunt_dithmenos_shadows,
          corexii_item_surrounded_by_moat, sigmund_army

Skill      XL: |  1  2  3  4  5  6  7 |
---------------+----------------------+-----
Fighting       | 3 4 5 8 9 10 | 10.6
Throwing       | |  4.0
Dodging        | |  1.7
Stealth        | |  0.6

Action                   |  1- 3 |  4- 6 |  7- 9 || total
-------------------------+-------+-------+-------++-------
Melee: Short sword       |   121 |    11 |       ||   132
       Flail             |       |   166 |   196 ||   362
Throw: Large rock        |       |     4 |     7 ||    11
       Throwing net      |       |       |     2 ||     2
  Use: Scroll            |       |     9 |       ||     9
       Potion            |       |       |     5 ||     5
 Stab: Sleeping          |     1 |       |       ||     1
  Eat: Chunk             |     2 |     7 |     7 ||    16
Armor: Robe              |    49 |    82 |    55 ||   186
Dodge: Dodged            |    85 |   160 |   148 ||   393
